 Dungeon Crawl Stone Soup version 0.31-a0-202-g547052bce9 (webtiles) character file.

Game seed: 7307383609569978981

118 qw the Skirmisher (level 4, 0/25 HPs)
             Began as a Deep Elf Hunter on June 26, 2023.
             Slain by a sleepcap (4 damage)
             ... on level 6 of the Dungeon.
             The game lasted 00:00:33 (1446 turns).

qw the Skirmisher (Deep Elf Hunter)                 Turns: 1446, Time: 00:00:34

Health: 0/25       AC:  5    Str: 10    XL:     4   Next: 72%
Magic:  0/6        EV: 11    Int: 14    God:
Gold:   133        SH:  0    Dex: 18    Spells: 3/3 levels left

rFire   . . .        Y - +1 shortbow
rCold   . . .        (shield currently unavailable)
rNeg    . . .        e - +0 ring mail
rPois   .            (no helmet)
rElec   .            (no cloak)
rCorr   .            (no gloves)
SInv    .            (no boots)
Will    .....        d - amulet of guardian spirit
Stlth   +            (no ring)
HPRegen 0.24/turn    (no ring)
MPRegen 0.10/turn

%: guardian spirit
@: no status effects
A: no striking features
a: no special abilities


You were on level 6 of the Dungeon.
You visited 1 branch of the dungeon, and saw 4 of its levels.

You collected 133 gold pieces.


   Skills:
 - Level 1.5 Fighting
 + Level 8.1 Ranged Weapons
 - Level 2.4 Dodging
 - Level 1.2 Stealth


You had 3 spell levels left.
You didn't know any spells.
Your spell library was empty.

Inventory:

Hand Weapons
 Y - a +1 shortbow (weapon)
Armour
 e - a +0 ring mail (worn)
Jewellery
 d - an amulet of guardian spirit (around neck)
Scrolls
 a - 3 scrolls of identify {unknown}
Potions
 c - a potion of degeneration {unknown}
 f - a potion of might {unknown}
 h - a potion of mutation {unknown}
 i - a potion of attraction {unknown}

Dungeon Overview and Level Annotations

Branches:
Dungeon (3/15)

Altars:

Shops:
D:2 :


Message History

You shoot an arrow.
The arrow hits the sleepcap but does no damage.
You shoot an arrow. The arrow hits the sleepcap.
The sleepcap is moderately damaged.
You shoot an arrow. The arrow hits the sleepcap.
The sleepcap is moderately damaged.
You shoot an arrow. The arrow hits the sleepcap!
The sleepcap is heavily damaged.
You shoot an arrow. The arrow hits the sleepcap.
The sleepcap is severely damaged.
You shoot an arrow.
The arrow hits the sleepcap but does no damage.
The sleepcap is severely damaged.
The sleepcap releases spores at you.
You are engulfed in a cloud of soporific spores!
You fall asleep.
The sleepcap releases spores at you!!
You wake up.
Ouch! That really hurt!
You shoot an arrow. The arrow hits the sleepcap.
The sleepcap is severely damaged.
The sleepcap barely misses you.
You shoot an arrow. The arrow hits the sleepcap.
The sleepcap is almost destroyed.
The sleepcap releases spores at you!
You shoot an arrow.
The arrow hits the sleepcap but does no damage.
The sleepcap is almost destroyed.
The sleepcap releases spores at you but does no damage.
You shoot an arrow.
The arrow hits the sleepcap but does no damage.
The sleepcap is almost destroyed.
The sleepcap misses you.
You shoot an arrow.
The arrow hits the sleepcap but does no damage.
The sleepcap is almost destroyed.
The sleepcap barely misses you.
You shoot an arrow. The arrow hits the sleepcap.
The sleepcap is almost destroyed.
The sleepcap releases spores at you.
You die...

######... #
#.f.......# #@#
... #.# ...#
######.####.....
#...............
#.##.#...###..#
#..........# #
#.#...###....
#.##.##.## ##
#.....#.#


You could see a sleepcap.

Vanquished Creatures
  A howler monkey (D:6)
  4 adders (D:2)
  2 dart slugs (D:2)
  5 bats
  3 endoplasms
  3 giant cockroaches
  6 goblins
  A hobgoblin (D:1)
  2 kobolds (D:2)
  3 quokkas
  3 ball pythons (D:2)
  A frilled lizard (D:2)
  4 rats
38 creatures vanquished.

Notes
Turn   | Place    | Note
-------+----------+-------------------------------------------
     0 | D:1      | qw the Deep Elf Hunter began the quest for the Orb.
     0 | D:1      | Reached XP level 1. HP: 12/12 MP: 3/3
     0 | D:1      | 0 ||| qw: Version: 0.3-a-22-g0ed2b0b
     0 | D:1      | 0 ||| qw: Game counter: 6090
     0 | D:1      | 0 ||| qw: Melee chars always use a shield: true
     0 | D:1      | 0 ||| qw: God list: Okawaru
     0 | D:1      | 0 ||| qw: Allow faded altars: false
     0 | D:1      | 0 ||| qw: Do Orc after clearing Dungeon:15 true
     0 | D:1      | 0 ||| qw: Do second Lair branch before Depths: true
     0 | D:1      | 0 ||| qw: Lair rune preference: random
     0 | D:1      | 0 ||| qw: Goals: Normal
     0 | D:1      | 0 ||| PLANNING D:1-11
   304 | D:1      | Reached XP level 2. HP: 16/16 MP: 4/4
   306 | D:1      | Reached skill level 6 in Ranged Weapons
   597 | D:1      | 597 ||| UPGRADING to +0 ring mail.
   607 | D:1      | 607 ||| DROPPING +0 leather armour.
   608 | D:1      | 608 ||| UPGRADING to amulet of guardian spirit.
   613 | D:1      | 613 ||| READING scroll labelled UNNIRCHUIGH.
   617 | D:1      | 617 ||| READING scroll labelled WAWUUC ZIJIKH.
   618 | D:1      | 618 ||| DROPPING scroll of butterflies.
   883 | D:2      | Reached XP level 3. HP: 17/20 MP: 5/5
   951 | D:2      | Reached skill level 7 in Ranged Weapons
   978 | D:2      | Found Cantieff's Book Shoppe.
  1178 | D:2      | Reached XP level 4. HP: 25/25 MP: 4/6
  1279 | D:2      | 1279 ||| READING scroll labelled DUAWEIPISI.
  1280 | D:2      | 1280 ||| READING scroll labelled IXTE ZEZAVOEWI.
  1340 | D:3      | Found a faded altar of an unknown god.
  1381 | D:3      | You fall into a shaft and drop 3 floors!
  1395 | D:6      | 1395 ||| PLANNING OSSUARY
  1401 | D:6      | Reached skill level 8 in Ranged Weapons
  1442 | D:6      | HP: 3/25 [sleepcap (6)]
  1446 | D:6      | Slain by a sleepcap

Levels and vault maps discovered:
D:1:      roderic_chinese_lattice_arrival, layout_loops_ring
D:2:      layout_loops_ring, serial_shops, nicolae_diamond_shop, minivault_4
D:3:      layout_basic, chequers_ecumenical_altar_island,
          amcnicky_mini_rare_corridor_liquid
D:6:      layout_loops_ring, gammafunk_temple_overflow_forgotten,
          gup_ossuary_entry_pyramid, minmay_chambers_of_fives

Skill      XL: |  1  2  3  4 |
---------------+-------------+-----
Ranged Weapons | 6 7 8 |  8.1
Fighting       | |  1.5
Dodging        | |  2.4
Stealth        | |  1.2

Action                     |  1- 3 |  4- 6 || total
---------------------------+-------+-------++-------
   Fire: Shortbow          |    93 |    25 ||   118
    Use: Scroll            |     2 |     2 ||     4
 Armour: Leather armour    |     2 |       ||     2
         Ring mail         |     8 |     1 ||     9
  Dodge: Dodged            |    22 |     4 ||    26

Table legend:
 A = Non-vault XP
 B = Vault XP
 C = Vault XP percentage of total XP
 D = Non-vault monster count
 E = Vault monster count
 F = Vault count percentage of total count
                 A         B        C        D         E       F
            +---------+---------+-------+---------+---------+-------
      Total |     169 |       0 |   0.0 |      38 |       0 |   0.0
            +---------+---------+-------+---------+---------+-------
        D:1 |      21 |       0 |   0.0 |      12 |       0 |   0.0
        D:2 |      91 |       0 |   0.0 |      25 |       0 |   0.0
        D:6 |      57 |       0 |   0.0 |       1 |       0 |   0.0
            +---------+---------+-------+---------+---------+-------
